 Dungeon Crawl Stone Soup version 0.28.0 (webtiles) character file.

Game seed: 4437779309925916552

135 Palewisp the Sneak (level 4, -3/21 HPs)
             Began as a Spriggan Enchanter on Feb 10, 2022.
             Was a Believer of Makhleb.
             Killed from afar by Natasha (9 damage)
             ... with a magic dart
             ... on level 2 of the Dungeon.
             The game lasted 00:29:18 (2468 turns).

Palewisp the Sneak (Spriggan Enchanter)             Turns: 2468, Time: 00:29:18

Health: -3/21      AC:  2    Str:  4    XL:     4   Next: 97%
Magic:  0/9        EV: 17    Int: 18    God:    Makhleb [**....]
Gold:   36         SH:  0    Dex: 15    Spells: 1/9 levels left

rFire   . . .      SeeInvis +   a - +0 short sword
rCold   . . .      Faith    .   (no shield)
rNeg    . . .      Spirit   .   d - +0 robe
rPois   .          Reflect  .   (helmet restricted)
rElec   .          Harm     .   (no cloak)
rCorr   .          Rampage  .   (gloves unavailable)
Will    .....                   (boots unavailable)
Stlth   ++++......              (no amulet)
HPRegen 0.07/turn               (no ring)
MPRegen 0.11/turn               (no ring)

@: slowed, quick
A: very small, no large weapons, unfitting armour, see invisible, speed 3
a: Renounce Religion, Minor Destruction


You were on level 2 of the Dungeon.
You worshipped Makhleb.
Makhleb was pleased with you.
You visited 1 branch of the dungeon, and saw 3 of its levels.

You collected 36 gold pieces.

Inventory:

Hand Weapons
 a - a +0 short sword (weapon)
 b - a +0 spear
 e - a +0 mace
 f - a +1 dagger
Missiles
 g - 15 sling bullets
 h - 6 poisoned darts
 j - 52 stones (quivered)
 t - 20 bolts
Armour
 d - a +0 robe (worn)
 s - an orb of mayhem
Scrolls
 i - a scroll of immolation {unknown}
 l - a scroll of vulnerability {unknown}
 n - a scroll of holy word {unknown}
 o - a scroll of identify {unknown}
 p - a scroll of fear {unknown}
 u - a scroll of noise {unknown}
 w - a scroll of brand weapon {unknown}
 x - 2 scrolls of magic mapping {unknown}
Potions
 c - a potion of invisibility
 k - a potion of degeneration {unknown}
 m - a potion of haste {unknown}
 q - a potion of might {unknown}
 r - a potion of heal wounds {unknown}
 v - a potion of mutation {unknown}


   Skills:
 - Level 1.1 Short Blades
 - Level 3.0 Dodging
 - Level 7.1 Stealth
 - Level 3.0 Spellcasting
 + Level 4.4 Hexes
 + Level 1.4 Ice Magic


You had one spell level left.
You knew the following spells:

 Your Spells              Type           Power      Damage    Failure   Level
a - Ensorcelled Hibernat  Hex/Ice        26%        N/A       8%          2
b - Tukima's Dance        Hex            18%        N/A       8%          3
c - Confusing Touch       Hex            18%        N/A       8%          3

Your spell library contained the following spells:

 Spells                   Type           Power      Damage    Failure   Level
 Pain                     Necr           8%         1d4       16%         1
 Dazzling Flash           Conj/Hex       20%        N/A       21%         3
 Ozocubu's Armour         Ice            7%         N/A       26%         3
 Conjure Flame            Conj/Fire      2%         6-21      43%         3
 Ignite Poison            Fire/Tmut/Pois 2%         N/A       43%         3
 Sticky Flame             Conj/Fire      2%         2d3       85%         4
 Agony                    Necr           2%         N/A       99%         5
 Excruciating Wounds      Necr           1%         N/A       99%         5
 Ozocubu's Refrigeration  Ice            3%         4d5       100%        7


Dungeon Overview and Level Annotations

Branches:
Dungeon (3/15)

Altars:
Makhleb

Annotations:
D:2 Natasha


Innate Abilities, Weirdness & Mutations

You are very small and have problems with some larger weapons.
You are too small for most types of armour.
You have supernaturally acute eyesight. (SInv)
You cover ground extremely quickly. (Speed+++)


Message History

The magic dart hits you.
You see here a +0 dagger.
Casting: Ensorcelled Hibernation (safe; 8% risk of failure)
Confirm with . or Enter, or press ? or * to list all spells.
Aiming: Ensorcelled Hibernation (safe; 8% risk of failure)
Press: ? - help, Shift-Dir - straight line, f/p - Natasha
Aim: Natasha (chance to affect: 47%) Natasha resists with some effort.
Natasha mumbles some strange words.
Casting: Ensorcelled Hibernation (safe; 8% risk of failure)
Confirm with . or Enter, or press ? or * to list all spells.
Aiming: Ensorcelled Hibernation (safe; 8% risk of failure)
Press: ? - help, Shift-Dir - straight line, f/p - Natasha
Aim: Natasha (chance to affect: 47%) Natasha resists with some effort.
Natasha stares at you and mumbles some strange words.
The magic dart hits you.
Casting: Ensorcelled Hibernation (safe; 8% risk of failure)
Confirm with . or Enter, or press ? or * to list all spells.
You don't have enough magic to cast this spell.
Unknown command.
Natasha barely misses you.
Natasha howls an incantation.
Natasha glows brightly for a moment.
Natasha stares at you and mumbles some strange words.
The magic dart hits you.
Casting: Ensorcelled Hibernation (safe; 8% risk of failure)
Confirm with . or Enter, or press ? or * to list all spells.
Aiming: Ensorcelled Hibernation (safe; 8% risk of failure)
Press: ? - help, Shift-Dir - straight line, f/p - Natasha
Aim: Natasha (chance to affect: 47%) Natasha resists with some effort.
Natasha howls an incantation.
Natasha's front paws start to glow.
Natasha stares at you and mumbles some strange words.
The magic dart hits you.
* * * LOW HITPOINT WARNING * * *
Natasha stares at you and mumbles some strange words.
The magic dart hits you!
You die...

#.###........#########.....##
......#####....)55...<.....##
......#* #.#########.......#
.......* #.# ###.........#
.......* ##.# ###..5#......(#
.......* #..###...#.##.....##
.......###.###..###.###...##
......)##..#....###.###.###
...............#@##.##.##
...............##.h...##
........>......###...##
....##........###.....##
...............#.##.##.##
.........###....###.###.#
......##...#..### #.##..#
...###*###.##...# #.#..##
...# ####.####.###.#.##


You could see Natasha.

Vanquished Creatures
  Natasha (twice) (D:2)
  3 adders (D:2)
  3 dart slugs
  3 ball pythons
  5 endoplasms
  4 giant cockroaches
  2 hobgoblins
  3 kobolds
  3 quokkas (D:2)
  A ball python skeleton (D:3)
  5 bats
  4 frilled lizards
  10 goblins
  4 rats
52 creatures vanquished.

Notes
Turn   | Place    | Note
-------+----------+-------------------------------------------
     0 | D:1      | Palewisp the Spriggan Enchanter began the quest for the
                  | Orb.
     0 | D:1      | Reached XP level 1. HP: 9/9 MP: 5/5
   403 | D:1      | Reached XP level 2. HP: 11/13 MP: 6/6
   406 | D:1      | Learned a level 2 spell: Ensorcelled Hibernation
   435 | D:1      | Found a faded altar of an unknown god.
   457 | D:1      | Prayed at the altar of an unknown god.
   457 | D:1      | Became a worshipper of Makhleb the Destroyer
   457 | D:1      | Reached * piety under Makhleb
   587 | D:1      | Reached skill level 5 in Stealth
  1044 | D:2      | Noticed Natasha
  1047 | D:2      | Noticed a crimson imp
  1121 | D:2      | Reached skill level 1 in Ice Magic
  1173 | D:2      | Reached XP level 3. HP: 16/16 MP: 8/8
  1195 | D:2      | Learned a level 3 spell: Tukima's Dance
  1249 | D:2      | Reached skill level 6 in Stealth
  1509 | D:2      | Killed Natasha
  1509 | D:2      | Reached ** piety under Makhleb
  1510 | D:2      | Reached skill level 7 in Stealth
  1510 | D:2      | Reached XP level 4. HP: 17/21 MP: 2/9
  1781 | D:2      | Noticed Natasha
  1800 | D:2      | Killed Natasha
  1805 | D:2      | Learned a level 3 spell: Confusing Touch
  2369 | D:2      | Noticed Natasha
  2468 | D:2      | Killed from afar by Natasha

Illustrated notes

Levels and vault maps discovered:
D:1:      amcnicky_arrival_blooded_trapdoor, layout_loops_corners,
          shapermc_ecumenical_altar_mp_highgroup, minmay_misc_feat_pillars,
          minmay_pentomino_u2
D:2:      layout_rooms, st_stairs_3, hex_intersection, hex_large,
          minmay_unequal, uniq_natasha
D:3:      layout_loops_corners, lemuel_doored_altar, grunt_ministairs_15,
          uniq_crazy_yiuf_cottage

Skill      XL: |  1  2  3  4 |
---------------+-------------+-----
Hexes          | 4 |  4.4
Stealth        | 5 7 |  7.1
Ice Magic      | 1 |  1.4
Spellcasting   | 3 |  3.0
Dodging        | 3 |  3.0
Short Blades   | |  1.1

Action                   |  1- 3 |  4- 6 || total
-------------------------+-------+-------++-------
Melee: Spear             |    69 |    15 ||    84
       Dagger            |     9 |       ||     9
       Short sword       |    25 |    24 ||    49
       Punch             |     2 |       ||     2
Throw: Stone             |     1 |     1 ||     2
 Cast: Ensorcelled Hiber |    16 |    22 ||    38
       Confusing Touch   |       |     1 ||     1
 Stab: Sleeping          |    18 |    10 ||    28
Armor: Robe              |     6 |     5 ||    11
Dodge: Dodged            |    18 |    18 ||    36
